 Dungeon Crawl Stone Soup version 0.20-a0-869-gcf33cab (webtiles) character file.

178 Laan the Chopper (level 5, -2/49 HPs)
             Began as a Naga Berserker on Mar 12, 2017.
             Was a Believer of Trog.
             Slain by Natasha (5 damage)
             ... on level 2 of the Dungeon.
             The game lasted 00:02:58 (2197 turns).

Laan the Chopper (Naga Berserker)                   Turns: 2197, Time: 00:02:59

Health: -2/49      AC:  6    Str: 24    XL:     5   Next: 58%
Magic:  5/5        EV:  6    Int:  8    God:    Trog [**....]
Gold:   81         SH:  0    Dex: 11    Spells: 4/4 levels left

rFire    + . .     SeeInvis +   a - +0 hand axe
rCold    . . .     Gourm    .   i - +0 chain mail
rNeg     . . .     Faith    .   (no shield)
rPois    +         Spirit   .   (no helmet)
rElec    .         Reflect  .   (no cloak)
rCorr    .         Harm     .   (no gloves)
MR       +....                  (no barding)
Stlth    ..........             (no amulet)
Regen    0.0/turn               (no ring)
MPRegen  0.1/turn               h - ring of loudness (curse)

@: mighty, exhausted, slowed, very slow
A: see invisible, deformed body, fire resistance 1, magic resistance 1, poison
resistance, slowness 2, inhibited regeneration, slow metabolism 1, spit poison
1, AC +1
a: Spit Poison, Berserk, Trog's Hand, Burn Spellbooks, Renounce Religion


You were on level 2 of the Dungeon.
You worshipped Trog.
Trog was pleased with you.
You were near starving.

You visited 1 branch of the dungeon, and saw 2 of its levels.

You collected 81 gold pieces.

Inventory:

Hand Weapons
 a - a +0 hand axe (weapon)
Armour
 i - a +0 chain mail (worn)
Jewellery
 h - a cursed ring of loudness (left hand)
Wands
 p - a wand of random effects (33/48)
Scrolls
 b - 3 scrolls of noise {unknown}
 d - a scroll of magic mapping
 e - a scroll of enchant armour {unknown}
 f - 3 scrolls of identify
 o - a scroll of random uselessness {unknown}
Comestibles
 c - a bread ration
 j - 2 meat rations
 k - a royal jelly


   Skills:
 - Level 3.0 Fighting
 + Level 6.1 Axes
 - Level 1.5 Armour
 - Level 1.5 Dodging


You had 4 spell levels left.
You didn't know any spells.

Dungeon Overview and Level Annotations

Branches:
Dungeon (2/15)

Altars:

Annotations:
D:2 Natasha


Innate Abilities, Weirdness & Mutations

You cannot wear boots.
Your serpentine skin is tough. (AC +1)
You have supernaturally acute eyesight. (SInv)
Armour fits poorly on your strangely shaped body.
Your system is resistant to poisons. (rPois)
You cover ground very slowly.
You have a slow metabolism.
You can spit poison.
Your flesh is heat resistant. (rF+)
You are resistant to hostile enchantments. (MR+)
You do not regenerate when monsters are visible.


Message History

The white imp hits you. The white imp freezes you.
* * * LOW HITPOINT WARNING * * *
You slash the white imp!
You kill the white imp!
Natasha claws you!
* * * LOW HITPOINT WARNING * * *
You completely miss Natasha.
Natasha stares at you and mumbles some strange words.
The magic dart hits you!
* * * LOW HITPOINT WARNING * * *
Natasha claws you but does no damage.
It was a potion of berserk rage.
You're too exhausted to go berserk.
Natasha barely misses you.
It was a potion of mutation.
You feel extremely strange.
You feel resistant to heat.
Your regeneration stops near monsters.
You feel resistant to hostile enchantments.
Natasha howls an incantation.
You feel troubled. Natasha barely misses you. Natasha claws you.
You die...

....##.#.>...>............###.>.#
######.########...######........#
##.....# #(..# ##.##....#
.......# #...# #.##.##.# ##.##..#
#...# #........ #...##.# #...#
#.##.#.## ..#..#.# ###...###
#.##.#... .#.#.#.#
#.......#####.##..... ..#....#
#.##@##.##.......#.##
.#.#.#.######. #h##.##.##......##
..#..#......# ...........##.#...
#...##.####. .##.##.##.##.##.#...
##.##..#... . ..# #.##.##.####
....)).#.# .# ... #.......#
.##.#)#).##.# #.# ##.(.####
.##..).÷...<# #.# #.###
....##÷...### #.#


You could see Natasha.

Vanquished Creatures
  Jessica (D:2)
  Natasha (twice) (D:2)
  Robin (D:2)
  3 adders (D:2)
  An ooze (D:2)
  5 worms
  A leopard gecko (D:1)
  2 giant cockroaches (D:2)
  8 goblins
  7 hobgoblins
  5 jackals
  3 frilled lizards
  6 kobolds
  4 rats
49 creatures vanquished.

Notes
Turn   | Place    | Note
-------+----------+-------------------------------------------
     0 | D:1      | Laan the Naga Berserker began the quest for the Orb.
     0 | D:1      | Reached XP level 1. HP: 21/21 MP: 1/1
    77 | D:1      | Reached XP level 2. HP: 9/28 MP: 2/2
   700 | D:1      | Reached skill level 4 in Axes
  1069 | D:2      | Reached XP level 3. HP: 32/34 MP: 3/3
  1375 | D:2      | Noticed Natasha
  1380 | D:2      | Killed Natasha
  1380 | D:2      | Reached XP level 4. HP: 21/42 MP: 4/4
  1546 | D:2      | Reached skill level 5 in Axes
  1718 | D:2      | Noticed Jessica
  1739 | D:2      | Killed Jessica
  1869 | D:2      | Reached XP level 5. HP: 35/49 MP: 5/5
  1876 | D:2      | Noticed Robin
  1881 | D:2      | Reached ** piety under Trog
  1896 | D:2      | Killed Robin
  2172 | D:2      | Noticed Natasha
  2180 | D:2      | Killed Natasha
  2180 | D:2      | Reached skill level 6 in Axes
  2185 | D:2      | Noticed Natasha
  2197 | D:2      | Gained mutation: Your flesh is heat resistant. (rF+) [potion of mutation]
  2197 | D:2      | Gained mutation: You do not regenerate when monsters are visible. [potion of mutation]
  2197 | D:2      | Gained mutation: You are resistant to hostile enchantments. (MR+) [potion of mutation]
  2197 | D:2      | Slain by Natasha

Vault maps used:
D:1:      shiori_arrival_elements
D:2:      minmay_box_of_dots, uniq_robin, uniq_jessica, uniq_natasha

Skill      XL: |  1  2  3  4  5 |
---------------+----------------+-----
Axes           | 4 5 6 |  6.1
Fighting       | |  3.0
Armour         | |  1.5
Dodging        | |  1.5

Action                   |  1- 3 |  4- 6 || total
-------------------------+-------+-------++-------
Melee: Hand axe          |    85 |    78 ||   163
Invok: Berserk           |     4 |     3 ||     7
 Abil: Spit Poison       |       |     1 ||     1
  Use: Scroll            |     4 |       ||     4
       Potion            |       |     4 ||     4
  Eat: Chunk             |     3 |     5 ||     8
Armor: Chain mail        |    17 |    37 ||    54
Dodge: Dodged            |    32 |    19 ||    51
